[Event "Early-Titled-Tuesday-Blitz-January-30-2024"]
[Site "Chess.com"]
[Date "2024.01.30"]
[Round "3"]
[White "BashirliSaadat"]
[Black "Horokoskii"]
[Result "0-1"]
[WhiteElo "2386"]
[BlackElo "2154"]
[TimeControl "180+1"]
[EndTime "8:31:29 PST"]
[Termination "Horokoskii won on time"]

1. e4 e6 2. d4 d5 3. Nc3 Nf6 4.
Bg5 Be7 5. e5 Nfd7 6. Bxe7 Qxe7 7. Nb5 Nb6 8. c3 a6 9. Na3 O-O 10.
Bd3 f6 11. Nf3 c5 12. Nc2 cxd4 13. cxd4 Nc6 14. O-O fxe5 15. Nxe5 Nd7 16. Nxc6 bxc6 17. Re1 c5 18. dxc5 Nxc5 19. Be2 Ne4 20. Bf3 Ng5 21. Bxd5 Rb8 22. Bb3 Qf6 23. Qd4 Qg6 24. Kh1 Bb7 25. Ne3 Nf3 26. Qd6 Nxe1 27. Qxe6+ Qxe6 28. Bxe6+ Kh8 29. Rxe1 Rxf2 30. Kg1 Rxb2 31. Bb3 g6 32.
Rd1 Re8 33. Rd3 Be4 34. Rc3 Rd8 35. h3 Bb7 36. Rc7 Be4 37. Re7 Bc6 38. Kh2 Rdd2 39. Kg3 Bxg2 40. Kf4 Rf2+ 41. Ke5 Bxh3 42. Re8+ Kg7 43.
Rg8+ Kh6 44. Bc4 Bf5 45. Rh8 Kg7 46. Rd8 Rb6 47. Nd5 Re6+ 48. Kd4 Re4+ 49. Kc3 Rf3+ 50. Kb4 Be6 51. Re8 Bxd5 0-1

[Event "Early-Titled-Tuesday-Blitz-January-30-2024"]
[Site "Chess.com"]
[Date "2024.01.30"]
[Round "3"]
[White "Zavgorodniy_Sergiy"]
[Black "snowlord"]
[Result "1-0"]
[WhiteElo "2619"]
[BlackElo "2848"]
[TimeControl "180+1"]
[EndTime "8:31:30 PST"]
[Termination "Zavgorodniy_Sergiy won by resignation"]

1. e4 c5 2. Nf3 d6 3. c3 Nf6 4. Bc4 e6 5. Qe2 Nc6 6. Bb3 Be7 7. O-O O-O 8. d4 d5 9. e5 Ne4 10. Nbd2 f5 11. exf6 Nxf6 12. Re1 cxd4 13. Nxd4 e5 14.
Nxc6 bxc6 15. Qxe5 Bc5 16. Ne4 Nxe4 17. Rxe4 Bxf2+ 18.
Kh1 Bd4 19. Qxd4 Rf1+ 20. Qg1 Rxg1+ 21. Kxg1 Bf5 22. Re5 Qf6 23. Bf4 Rf8 24. Bg3 Qg6 25. Rae1 Bd3 26. R5e3 h5 27. h4 Kh7 28. Kh2 Be4 29.
R3e2 a5 30. c4 Bd3 31. Re6 Rf6 32. cxd5 cxd5 33. Bxd5 Rxe6 34. Rxe6 Qf5 35. Re5 Qg6 36. Rg5 Qh6 37. Bf3 g6 38. Re5 Qg7 39. Rxa5 Bf5 40. b4 Qb2 41. Ra7+ Kg8 42. Bd5+ Kf8 43.
Bd6+ Ke8 44. Bc6+ Kd8 45. Ra8+ Bc8 46. Bb7 Qd4 47. Rxc8+ Kd7 48. Bg3 Qxb4 49. Rc7+ Ke6 50. Bf3 Qa3 51. Rc6+ Kf7 52. Rc2 Qd3 53. Re2 Qc4 54.
Rf2 Kg8 55. Bd1 Kh7 56. Bb3 Qg4 57. Rf7+ Kh8 58. Be5+ 1-0

[Event "Early-Titled-Tuesday-Blitz-January-30-2024"]
[Site "Chess.com"]
[Date "2024.01.30"]
[Round "3"]
[White "mishanick"]
[Black "ValentunHulka"]
[Result "1-0"]
[WhiteElo "3152"]
[BlackElo "2805"]
[TimeControl "180+1"]
[EndTime "8:31:33 PST"]
[Termination "mishanick won by resignation"]

1. d4 Nf6 2. c4 e6 3. Nc3 Bb4 4. e3 O-O 5. Bd3 d5 6. Nf3 c5 7.
O-O dxc4 8. Bxc4 Nc6 9. a3 Bxc3 10. bxc3 Qc7 11. Bb2 b6 12. Qe2 e5 13. h3 e4 14. Nd2 Bf5 15. f3 exf3 16. Qxf3 Bg6 17. e4 cxd4 18. cxd4 Na5 19. Bd3 Qd7 20. d5 Nb7 21. Bxf6 gxf6 22. Qxf6 Nc5 23. Rf3 Rac8 24. h4 Nxd3 25. Rxd3 Rc2 26. Rf1 Qg4 27. Rf2 Rc1+ 28.
Kh2 Qd1 29. Rf1 Qc2 30. Rxc1 Qxd3 31. Qg5 Qxa3 32. Rc6 f6 33. Qf4 Qe7 34. Re6 Qg7 35. d6 Bh5 36. Re7 Qg4 37. Qxg4+ Bxg4 38. Rxa7 Rd8 39.
Nc4 b5 40. Ne3 Be6 41. Rb7 Rxd6 42. Kg3 Rd4 43. Kf3 b4 44. g4 b3 45. h5 h6 46. Kf4 Rd2 47. Nf5 Bxf5 48. Kxf5 b2 49. Kxf6 Rg2 50. Kf5 Kf8 51. e5 Rf2+ 52. Kg6 Rg2 53.
Kf6 Rf2+ 54. Ke6 Rg2 55. Rb6 Rxg4 56. Rxb2 Rg5 57. Rf2+ Ke8 58. Rf5 Rg1 59. Rf6 Rg5 60. Rxh6 Kf8 61. Rf6+ Kg7 62. Rg6+ Rxg6+ 63. hxg6 Kh8 64.
Kd7 1-0

[Event "Early-Titled-Tuesday-Blitz-January-30-2024"]
[Site "Chess.com"]
[Date "2024.01.30"]
[Round "3"]
[White "bulletteemo"]
[Black "treadstone_71"]
[Result "1/2-1/2"]
[WhiteElo "2514"]
[BlackElo "2272"]
[TimeControl "180+1"]
[EndTime "8:31:33 PST"]
[Termination "Game drawn - insufficient material"]

1. e4 c5 2. Nf3 Nc6 3. d4 cxd4 4. Nxd4 Nf6 5. Nc3 d6 6. Bc4 e5 7. Nb3 Be6 8. Bd5 a5 9. a3 a4 10. Nd2 Bxd5 11. exd5 Nd4 12. O-O Be7 13. Nf3 Nxf3+ 14. Qxf3 O-O 15. Be3 Qa5 16. Rad1 Rfc8 17. Bg5 b5 18.
Bxf6 Bxf6 19. Qg4 Rc4 20. Qd7 b4 21. Qxa4 Qxa4 22. Nxa4 Rxa4 23. b3 bxa3 24. bxa4 Rxa4 25. c3 e4 26. Rb1 g6 27. Rfc1 a2 28. Ra1 Ra5 29. Kf1 Rxd5 30. Rxa2 Rc5 31. c4 d5 32. Rac2 d4 33. Ra2 d3 34. Ra8+ Kg7 35. Re8 Be5 36. g4 f5 37. gxf5 gxf5 38. Rd8 Kf6 39. Rd5 Rc8 40. Ke1 Bf4 41. Ra1 Rxc4 42. h4 d2+ 43. Ke2 Rc1 44. Ra6+ Ke7 45. Rxd2 Bxd2 46. Kxd2 Rh1 47.
Ra7+ Kf6 48. Rxh7 Ke5 49. Rh8 Kf4 50. h5 Rh2 51. Ke1 e3 52. fxe3+ Kxe3 53. Kf1 f4 54. Kg1 Rh4 55. h6 f3 56. Re8+ Kf4 57. Rf8+ Kg4 58. Rg8+ Kf4 59. Rg6 Kf5 60. Rg3 Rxh6 61. Rxf3+ Ke4 62. Rf2 Rg6+ 63. Rg2 Rxg2+ 64. Kxg2 1/2-1/2

[Event "Early-Titled-Tuesday-Blitz-January-30-2024"]
[Site "Chess.com"]
[Date "2024.01.30"]
[Round "3"]
[White "VitaliyChayka"]
[Black "NelsonLinda"]
[Result "1/2-1/2"]
[WhiteElo "2409"]
[BlackElo "2586"]
[TimeControl "180+1"]
[EndTime "8:31:34 PST"]
[Termination "Game drawn by repetition"]

1. d4 Nf6 2. Bf4 g6 3. e3 Bg7 4.
h3 d6 5. Nf3 O-O 6. Be2 c5 7.
c3 Qb6 8. Qb3 Be6 9. Qxb6 axb6 10. a3 Bd5 11. Nbd2 Bc6 12. O-O Nbd7 13. Bd3 Rfe8 14.
e4 e5 15. dxe5 dxe5 16. Be3 Nf8 17. Nc4 N6d7 18. Nd6 Red8 19. Bc4 Ne6 20. Nxf7 Re8 21. Nd6 Re7 22. Ng5 Nf8 23. Nxe6 Rxe6 24. Rfd1 Kh8 25. Nf7+ Kg8 26. Ng5 Re8 27. Nxe6 Nxe6 28.
Rd6 Kf7 29. Rad1 Bf8 30. Rxe6 Rxe6 31. f3 Be7 32. Kf2 Kf6 33. Bxe6 Kxe6 34. c4 Ba4 35. Rd3 Bc6 36. b3 h5 37. Rd1 Bh4+ 38. g3 Be7 39.
Rb1 b5 40. Rc1 bxc4 41. Rxc4 b6 42. Rc1 Bd7 43. f4 Bc6 44. Kf3 Kd7 45. Rd1+ Ke6 46. Rc1 Kd7 47. b4 cxb4 48. axb4 Bxb4 49. Bxb6 Bd6 50.
Rd1 Ke6 51. Be3 Bb8 52. Rc1 Kd7 53. g4 hxg4+ 54. hxg4 Bb7 55. f5 gxf5 56. gxf5 Bc6 57. Rh1 Bd6 58. Rh7+ Ke8 59. Bg5 Bb5 60. Rh6 Bc7 61.
Re6+ Kf7 62. Rh6 Ke8 63. Rh7 Bd6 64. Rh8+ Kf7 65. Rh7+ Ke8 1/2-1/2

[Event "Early-Titled-Tuesday-Blitz-January-30-2024"]
[Site "Chess.com"]
[Date "2024.01.30"]
[Round "3"]
[White "Elprofessor21"]
[Black "h4parah5"]
[Result "0-1"]
[WhiteElo "2677"]
[BlackElo "2899"]
[TimeControl "180+1"]
[EndTime "8:31:36 PST"]
[Termination "h4parah5 won on time"]

1. e4 c5 2. Nc3 Nc6 3. Bb5 Nd4 4. Nf3 Nxb5 5. Nxb5 d6 6. O-O Nf6 7. Re1 a6 8. Nc3 e5 9. d3 h6 10. a4 b6 11. Nd2 Be7 12. Nc4 O-O 13. f4 exf4 14.
Bxf4 Be6 15. Ne3 Re8 16. Qf3 Qd7 17. Ncd5 Bxd5 18. exd5 b5 19. Bg3 Bf8 20. axb5 axb5 21.
Rxa8 Rxa8 22. Nf5 Kh7 23. Bh4 Re8 24. Rf1 Ng8 25. Bg3 Ra8 26. c4 Ra6 27. cxb5 Qxb5 28. Qe4 Nf6 29. Qe2 Rb6 30. Nxh6 Kxh6 31. Rxf6+ gxf6 32. Bf4+ Kh7 33. Qh5+ Kg8 34. Qg4+ Bg7 35. Qc8+ Kh7 36.
Qf5+ Kh8 37. Qc8+ Kh7 38. Qh3+ Kg8 39. Qc8+ Bf8 40. Qg4+ Bg7 41. Bh6 Kf8 42. Qxg7+ Ke7 43. Qf8+ Kd7 44. Qxf7+ Kc8 45. Qe6+ Kb7 46. Qe7+ Ka6 47.
Qd8 Qxd3 48. Qa8+ Kb5 49. Qe8+ Kb4 50. Qe1+ Kb3 51. Qa5 Rb4 52. Qa3+ Kc2 53. Qa1 Re4 54. Qc1+ Kb3 55. Bd2 Qd4+ 56. Kh1 Qc4 57. Qd1+ Qc2 58. Qf3+ Kxb2 59. h4 Rxh4+ 60. Kg1 Qxd2 61. Qxf6+ Qd4+ 0-1

[Event "Early-Titled-Tuesday-Blitz-January-30-2024"]
[Site "Chess.com"]
[Date "2024.01.30"]
[Round "3"]
[White "MusicCityMaster"]
[Black "SmirnovAlexandrA"]
[Result "1/2-1/2"]
[WhiteElo "2441"]
[BlackElo "2600"]
[TimeControl "180+1"]
[EndTime "8:31:36 PST"]
[Termination "Game drawn by repetition"]

1. d4 Nf6 2. c4 g6 3. Nc3 Bg7 4. e4 d6 5. Nf3 O-O 6. Be2 c5 7. d5 e6 8. O-O exd5 9. cxd5 Re8 10.
Nd2 a6 11. a4 Nbd7 12. f4 Rb8 13. Qc2 b5 14. axb5 axb5 15. Nxb5 Qb6 16. Nc3 Bb7 17. Nc4 Qc7 18. Bf3 Bc8 19. Kh1 Rb4 20. Nd2 Qb6 21.
Ra8 Bb7 22. Rxe8+ Nxe8 23. Re1 Nc7 24. Nf1 Nb5 25. Nxb5 Qxb5 26. Re2 c4 27. h3 Nc5 28. e5 dxe5 29. fxe5 Nd3 30. e6 fxe6 31. dxe6 Bxf3 32.
gxf3 Nxc1 33. e7 Qe8 34. Qxc1 Bf6 35. Qf4 Bxe7 36. Qe5 Kf7 37. Qd5+ Kf8 38. Ng3 Rb6 39. Ne4 Qd8 40. Qxc4 Qb8 41. Kg2 Qb7 42. Qd3 Rxb2 43. Ng3 Rxe2+ 44. Qxe2 Qc7 45. Qe6 Qd6 46. Qxd6 Bxd6 47.
Ne4 Be7 48. Kf2 Kg7 49. Ke3 Bd8 50. Kf4 h6 51. Kg4 Bc7 52. f4 h5+ 53. Kf3 Bd8 54. Nc5 Kh6 55. Ne6 Bf6 56. Ke4 Be7 57. Ke5 Ba3 58. Kf6 Bb2+ 59. Kf7 Bc1 60. Kf6 Bb2+ 61. Kf7 Bc1 62. Kf6 Bb2+ 1/2-1/2

[Event "Early-Titled-Tuesday-Blitz-January-30-2024"]
[Site "Chess.com"]
[Date "2024.01.30"]
[Round "3"]
[White "RCone"]
[Black "arnash_bauyrzhan"]
[Result "1-0"]
[WhiteElo "2416"]
[BlackElo "2197"]
[TimeControl "180+1"]
[EndTime "8:31:36 PST"]
[Termination "RCone won by resignation"]

1. e4 c5 2. Nc3 Nc6 3. Bb5 Nd4 4. Nf3 a6 5. Bd3 d6 6. O-O Nf6 7. Re1 e5 8. Nxd4 cxd4 9. Ne2 Be7 10. Ng3 Qc7 11. b3 O-O 12. a4 Be6 13. h3 Nd7 14. Nf5 Bxf5 15. exf5 Nc5 16. Bc4 b5 17. Bd5 Rab8 18.
axb5 axb5 19. d3 Nd7 20. b4 Nf6 21. Bb3 d5 22. Bb2 Bxb4 23. Rf1 Bc3 24. Bxc3 Qxc3 25. Qe2 e4 26. Ra6 Rfe8 27. Rxf6 gxf6 28. Qg4+ Kh8 29.
Qh4 Qc6 30. dxe4 Rxe4 31. Qh5 Kg7 32. Rd1 Rbe8 33. Rd3 Kf8 34. f3 Re3 35. Rxd4 Qc5 36. Qh6+ Ke7 37. Qxe3+ Kd6 38. Qf4+ Kc6 39. Kh2 Re5 40.
Qd2 Rxf5 41. Rd3 Qd6+ 42. g3 Re5 43. Re3 Rxe3 44. Qxe3 d4 45. Qe4+ Kc5 46. Kg2 Qb6 47. g4 Qa5 48. Qd5+ Kb6 49. Qxd4+ Kc6 50. Qe4+ Kc5 51.
Qe3+ Kc6 52. Qe8+ Kc5 53. Qc8+ Kd4 54. Qd7+ Kc5 55. Qd5+ Kb6 56. Qd8+ Kc5 57. Qxa5 Kd4 58. Qxb5 1-0

[Event "Early-Titled-Tuesday-Blitz-January-30-2024"]
[Site "Chess.com"]
[Date "2024.01.30"]
[Round "3"]
[White "ContrVersia"]
[Black "hakanazeri2"]
[Result "0-1"]
[WhiteElo "2851"]
[BlackElo "2602"]
[TimeControl "180+1"]
[EndTime "8:31:37 PST"]
[Termination "hakanazeri2 won on time"]

1. Nf3 Nf6 2. c4 e6 3. g3 d5 4.
Bg2 Be7 5. O-O O-O 6. b3 c5 7. Bb2 b6 8. Nc3 Bb7 9. e3 Nc6 10. cxd5 Nxd5 11. Nxd5 Qxd5 12. d4 Qd8 13. Ne5 Qc7 14.
Qf3 Na5 15. e4 Bf6 16. Qf4 Bxe5 17. dxe5 Nc6 18. h4 Nd4 19. Kh2 f6 20. exf6 Qxf4 21. gxf4 Rxf6 22. Bxd4 cxd4 23. e5 Bxg2 24. exf6 Bxf1 25.
Rxf1 gxf6 26. Kg2 Kf7 27. Kf3 f5 28. Rc1 Rd8 29. Ke2 Rd7 30. Kd3 Kg6 31. Re1 Rd6 32. Rg1+ Kf7 33. h5 Rd7 34. h6 Kf6 35. Rg8 Rc7 36. Kxd4 Rc2 37. Rg7 Rxf2 38. Ke3 Rxa2 39. Rxh7 Ra3 40. Rb7 Rxb3+ 41. Kd4 Rf3 42. h7 Rxf4+ 43.
Ke3 Rh4 44. Rxa7 Rh3+ 45. Kf2 e5 46. Kg2 Rh5 47. Kg3 Kg6 48. Re7 Rxh7 49. Rxe5 Kg5 50. Re8 Rb7 51. Rg8+ Kf6 52. Kf4 b5 53. Rf8+ Ke6 54.
Rxf5 b4 55. Re5+ Kd6 56. Re1 Kc5 57. Rc1+ Kd4 58. Kf3 Re7 59. Rh1 Kc3 0-1

[Event "Early-Titled-Tuesday-Blitz-January-30-2024"]
[Site "Chess.com"]
[Date "2024.01.30"]
[Round "3"]
[White "JuniorJumper"]
[Black "Pliukha_Mikhail"]
[Result "0-1"]
[WhiteElo "2516"]
[BlackElo "2763"]
[TimeControl "180+1"]
[EndTime "8:31:38 PST"]
[Termination "Pliukha_Mikhail won on time"]

1. b3 d5 2. Bb2 Nf6 3. e3 c5 4. Nf3 Nc6 5. Bb5 Bd7 6. O-O e6 7. d3 a6 8. Bxc6 Bxc6 9. Ne5 Bd6 10. Nd2 Qc7 11. f4 Nd7 12. Nxc6 Qxc6 13. Bxg7 Rg8 14. Bb2 d4 15. e4 O-O-O 16. Qf3 Bc7 17. Rae1 f6 18. a4 Rg7 19. Kh1 Rdg8 20. g3 Rg4 21. Rg1 h5 22. h3 R4g7 23. Qxh5 Rxg3 24. Rxg3 Rxg3 25. Qh8+ Bd8 26. Rg1 Rxg1+ 27. Kxg1 f5 28. e5 Kc7 29. Bc1 b5 30. a5 c4 31. bxc4 bxc4 32.
Nxc4 Qf3 33. Ba3 Qd1+ 34. Kg2 Qxc2+ 35. Kg1 Qd1+ 36. Kg2 Qe2+ 37. Kg1 Qe1+ 38. Kg2 Bh4 39. Qg7 Qf2+ 40. Kh1 Qf3+ 41. Qg2 Qxg2+ 42. Kxg2 Be1 43.
Bd6+ Kc6 44. Kf3 Kd5 45. Bc7 Kc6 46. Bd8 Nf8 47. h4 Ng6 48. h5 Nh8 49. h6 Nf7 50. h7 Kd7 51. Bf6 Kc6 52. h8=Q Nxh8 53. Bxh8 Kb5 54. Bf6 Kb4 55. Be7+ Kc3 56. Bc5 Kxd3 57.
Nb6 Bxa5 58. Nd7 Kc4 59. Bd6 d3 60. Ke3 Kc3 61. Nc5 d2 62. Na4+ Kc2 63. Nc3 Bxc3 0-1

[Event "Early-Titled-Tuesday-Blitz-January-30-2024"]
[Site "Chess.com"]
[Date "2024.01.30"]
[Round "3"]
[White "xhembulla"]
[Black "secrethawk1"]
[Result "1-0"]
[WhiteElo "2639"]
[BlackElo "2464"]
[TimeControl "180+1"]
[EndTime "8:31:40 PST"]
[Termination "xhembulla won by resignation"]

1. e4 c5 2. c3 d5 3. exd5 Qxd5 4. Nf3 Nf6 5. d4 Bg4 6. Be2 Nc6 7. Be3 e6 8. O-O Be7 9. dxc5 O-O 10. h3 Bh5 11. c4 Qxd1 12. Rxd1 Rfd8 13. Nc3 Rac8 14.
a3 a5 15. Rxd8+ Rxd8 16. Rd1 Rxd1+ 17. Bxd1 Bg6 18. Ba4 Nd7 19. Bxc6 bxc6 20. b4 axb4 21. axb4 Bd3 22. Nd2 Ne5 23. b5 Nxc4 24. b6 Bf6 25. Nxc4 Bxc4 26. Ne4 Ba6 27. Nd6 Bd8 28. b7 Bc7 29. g3 Kf8 30. Bf4 f6 31. h4 e5 32.
Be3 Bxd6 33. cxd6 Bxb7 34. Kf1 Ke8 35. Ke2 Kd7 36. Bc5 Ke6 37. Ke3 Ba6 38. f4 Bc4 39.
fxe5 fxe5 40. g4 Bd5 41. Ba3 Bc4 42. Kd2 Bd5 43. Bb4 Bc4 44. Ke1 Bd5 45. Kf2 Bc4 46.
Ke3 Bd5 47. h5 h6 48. Bc5 Bc4 49. Ke4 Bd5+ 50. Ke3 Kd7 51. Ba3 Ke6 52. Kf2 Kd7 53. Kg3 Be6 54. Bc5 Bd5 55. Bb4 Be6 56. Kh4 Bf7 57.
g5 hxg5+ 58. Kxg5 Bxh5 59. Kxh5 c5 60. Bxc5 Kc6 61. Kg5 Kxc5 62. d7 Kd6 63. d8=Q+ Ke6 64. Kg4 1-0

[Event "Early-Titled-Tuesday-Blitz-January-30-2024"]
[Site "Chess.com"]
[Date "2024.01.30"]
[Round "3"]
[White "Akylbek2021"]
[Black "GiorgianBarbosa"]
[Result "1-0"]
[WhiteElo "2285"]
[BlackElo "2492"]
[TimeControl "180+1"]
[EndTime "8:31:42 PST"]
[Termination "Akylbek2021 won by resignation"]

1. d4 Nf6 2. c4 e6 3. g3 d5 4. Nf3 Be7 5. Bg2 O-O 6. Nc3 a5 7. O-O c6 8. Ne5 Nfd7 9. e4 Nxe5 10. dxe5 dxc4 11. a4 Qxd1 12. Rxd1 b6 13. Be3 c5 14.
Nb5 Nc6 15. f4 Bb7 16. Nd6 Ba6 17. Bf1 Nb4 18. Rac1 Na2 19. Rc2 Nb4 20. Rcd2 Nd3 21. Nxc4 Bxc4 22. Bxd3 Bb3 23. Bc2 Bxc2 24. Rxc2 Rfd8 25.
Rcd2 Rxd2 26. Rxd2 Rd8 27. Rxd8+ Bxd8 28. b3 Kf8 29.
Kf1 Ke8 30. Ke2 Kd7 31. Kd3 Kc6 32. Kc4 g6 33. g4 h6 34. h3 Bh4 35. f5 h5 36. Bf4 Bf2 37. Bh2 h4 38. Bf4 Bg3 39.
Bg5 Bxe5 40. Bxh4 Bd4 41. fxg6 fxg6 42. Bg5 Bh8 43. h4 Bg7 44. h5 gxh5 45. gxh5 Bh8 46.
h6 Be5 47. Be7 Kd7 48. Bf8 Ke8 49. Bg7 Bxg7 50. hxg7 Kf7 51. Kb5 Kxg7 52. Kxb6 Kf6 53. Kxa5 Ke5 54. Kb5 Kxe4 55. a5 Kf3 56. a6 e5 57. a7 e4 58. a8=Q c4 59. bxc4 1-0

[Event "Early-Titled-Tuesday-Blitz-January-30-2024"]
[Site "Chess.com"]
[Date "2024.01.30"]
[Round "3"]
[White "YurasovMat-2012"]
[Black "K_A_S_T_O_R"]
[Result "0-1"]
[WhiteElo "2612"]
[BlackElo "2909"]
[TimeControl "180+1"]
[EndTime "8:31:44 PST"]
[Termination "K_A_S_T_O_R won on time"]

1. e4 c5 2. Nf3 d6 3. Bb5+ Nc6 4. O-O Bd7 5. Re1 Nf6 6. Bxc6 Bxc6 7. e5 dxe5 8. Nxe5 Qc7 9. d3 e6 10. Nc3 Bd6 11. Bf4 Qb6 12. Nc4 Bxf4 13. Nxb6 axb6 14. h3 Bc7 15. d4 Rd8 16. Ne2 e5 17. c4 cxd4 18. Nxd4 Kf8 19. Qe2 Rxd4 20. Rad1 Rxd1 21. Rxd1 g6 22. b4 Kg7 23. b5 Bd7 24. Qf3 Bc8 25. a4 Nd7 26. Rxd7 Bxd7 27. Qxb7 Rc8 28. a5 bxa5 29. b6 Bxb6 30. Qxb6 Rxc4 31. Qxa5 Kf6 32. Qd8+ Ke6 33. Kh2 h5 34. Qb6+ Bc6 35. Qb8 Bd7 36. Qb3 Kd5 37. Qd3+ Rd4 38. Qb3+ Rc4 39. Qb7+ Kd6 40. Qb6+ Rc6 41. Qd8 Ke6 42. g4 hxg4 43.
hxg4 Rc4 44. g5 Rf4 45. Kg3 Rf5 46. f3 Bc6 47. Qc8+ Kd6 48. Qd8+ Kc5 49. Qa5+ Kd4 50. Qb4+ Kd5 51. Qb3+ Kd6 52. Qb4+ Kd7 53. Qd2+ Ke6 54. Qa2+ Ke7 55. Qa7+ Bd7 56. Qc5+ Ke8 57. Qe3 Kf8 58. Qc3 Be6 59. Qc5+ Kg8 60. Qe3 Bd5 61. Qc5 Bxf3 62. Qc8+ Kg7 63. Qd8 Be4 64. Qe7 Bd5 65. Qd8 Be6 66. Qe7 e4 0-1

[Event "Early-Titled-Tuesday-Blitz-January-30-2024"]
[Site "Chess.com"]
[Date "2024.01.30"]
[Round "3"]
[White "Njal28"]
[Black "FontVella8"]
[Result "1-0"]
[WhiteElo "3046"]
[BlackElo "2765"]
[TimeControl "180+1"]
[EndTime "8:31:45 PST"]
[Termination "Njal28 won by resignation"]

1. d4 d5 2. Nf3 e6 3. e3 Bd6 4. c4 Nf6 5. c5 Be7 6. b4 a5 7.
b5 Ne4 8. Bd3 O-O 9. Qc2 f5 10.
Bb2 c6 11. b6 Nd7 12. Nbd2 Bf6 13. a4 Qe7 14. O-O g5 15. Rac1 Qg7 16. Be2 g4 17.
Nxe4 fxe4 18. Ne1 h5 19. g3 e5 20. Rd1 exd4 21. exd4 Bg5 22. Ng2 Rf3 23. Bc1 Nf6 24.
Bxg5 Qxg5 25. Qc1 Qxc1 26. Rxc1 Rb3 27. Rb1 Rb4 28. Rxb4 axb4 29. Bd1 Ne8 30. Bb3 Ng7 31. Ne3 Ne6 32. Rd1 Ng5 33. Nc2 Nf3+ 34. Kg2 h4 35.
gxh4 Nxh4+ 36. Kh1 Kg7 37. Nxb4 Bf5 38. Nc2 Rh8 39. Ne3 Kf6 40. Rg1 Nf3 41. Rg2 Nxd4 42.
Bd1 Nf3 43. Bxf3 gxf3 44. Rg1 d4 45. Nc2 Ke5 46. Rd1 d3 47. Ne3 Be6 48. a5 Ra8 49. Ra1 Bb3 50. Ra3 Be6 51. Kg1 Kd4 52. Kf1 Kxc5 53.
Ke1 Kb4 54. Ra1 Rxa5 55. Rb1+ Kc3 56. Rc1+ Kd4 57. h4 Ra2 58. Rd1 Re2+ 59. Kf1 d2 60.
h5 Bh3+ 61. Kg1 Re1+ 62. Kh2 Be6 63. h6 Bg8 64. Rxd2+ Kc5 65. Rd8 Re2 66. Rxg8 Rxf2+ 67. Kg1 Re2 68. h7 Rxe3 69. h8=Q Re1+ 70. Kf2 Re2+ 71.
Kf1 Kxb6 72. Qd4+ Kb5 73. Rg5+ Ka6 74. Qa4+ 1-0

[Event "Early-Titled-Tuesday-Blitz-January-30-2024"]
[Site "Chess.com"]
[Date "2024.01.30"]
[Round "3"]
[White "JeFumeDesClopes"]
[Black "lacafi"]
[Result "1/2-1/2"]
[WhiteElo "2554"]
[BlackElo "2243"]
[TimeControl "180+1"]
[EndTime "8:31:45 PST"]
[Termination "Game drawn - insufficient material"]

1. Nf3 f5 2. d3 d5 3. g3 Nf6 4. Bg2 g6 5. O-O Bg7 6. c4 e6 7.
Nc3 O-O 8. cxd5 exd5 9. e4 dxe4 10. dxe4 Nxe4 11. Nxe4 fxe4 12. Qb3+ Kh8 13. Ng5 Qe7 14.
Nxe4 c6 15. Bg5 Qe6 16. Qxe6 Bxe6 17. Nc5 Bc8 18. Rfd1 Bf5 19. Rd2 b6 20. Nb7 Na6 21. Nd6 Nb4 22. a3 Nd5 23. Rc1 h6 24. Rxc6 hxg5 25.
Bxd5 g4 26. Rc7 Rad8 27. Nf7+ Rxf7 28. Rxf7 Be6 29. Bxe6 Rxd2 30. Bxg4 Rxb2 31. Rxa7 Bd4 32. Rf7 Ra2 33. Rf4 Bc5 34. a4 Kg7 35. h4 Kh6 36.
Kg2 g5 37. hxg5+ Kxg5 38. Bd7 Be3 39. Rf5+ Kg6 40. Kf1 Bc5 41. Rf3 Rb2 42. Bb5 Rd2 43.
Kg2 Rb2 44. Rf4 Rd2 45. Kf1 Rb2 46. Be2 Rb1+ 47. Kg2 Rb2 48. Re4 Kf5 49. Re8 Ra2 50. f4 Rxa4 51. Bd3+ Kf6 52. Kf3 Ra3 53. Rd8 b5 54. g4 b4 55. Ke4 Rc3 56. g5+ Kg7 57.
Rb8 b3 58. f5 Bd6 59. Rb7+ Kg8 60. Rxb3 Rxb3 61. Bc4+ Kg7 62. Bxb3 Be7 63. Kf4 Bd8 64. Bc4 Be7 65. Bd5 Bd8 66. Kg4 Be7 67. Be4 Bd8 68. Kf4 Be7 69. Bf3 Bd8 70. Bh5 Be7 71. Ke4 Bxg5 72.
f6+ Bxf6 1/2-1/2

[Event "Early-Titled-Tuesday-Blitz-January-30-2024"]
[Site "Chess.com"]
[Date "2024.01.30"]
[Round "3"]
[White "iwanyu"]
[Black "deribas12345"]
[Result "1/2-1/2"]
[WhiteElo "2842"]
[BlackElo "2503"]
[TimeControl "180+1"]
[EndTime "8:31:46 PST"]
[Termination "Game drawn by stalemate"]

1. d4 Nf6 2. c4 d6 3. Nf3 Bf5 4. g3 g6 5. Bg2 Bg7 6. O-O O-O 7.
Nc3 Ne4 8. Nh4 Nxc3 9. bxc3 Bc8 10. f4 c5 11. f5 Nc6 12. Be3 Qa5 13. Qd3 g5 14.
Bxg5 cxd4 15. f6 Qxg5 16. fxg7 Qxg7 17. Bxc6 bxc6 18. cxd4 Bh3 19. Rf4 e5 20. Nf5 Bxf5 21. Rxf5 exd4 22. Raf1 Rae8 23. Rf6 c5 24. Rxd6 Qe5 25.
Rd5 Qxe2 26. Qf5 Qe3+ 27. Rf2 Re6 28. Rxc5 Qe1+ 29. Kg2 Qe4+ 30. Qxe4 Rxe4 31. Rg5+ Kh8 32. Rd5 d3 33. Rxd3 Rxc4 34. Rd7 Ra4 35. h4 h5 36. Kh3 Kg7 37. Rf5 Rxa2 38. Rxh5 Ra6 39. Rg5+ Kf6 40. Rc5 Rg8 41. Rcc7 Rg7 42. Rxa7 Rxa7 43.
Rxa7 Rg8 44. g4 Rb8 45. g5+ Kg6 46. Ra6+ Kg7 47. Kg4 Rb4+ 48. Kh5 Rc4 49. Rf6 Rd4 50.
Rf3 Rc4 51. Rg3 Rd4 52. Rg4 Rd3 53. Rf4 Rd1 54. Kg4 Rd2 55. h5 Rg2+ 56. Kf5 Ra2 57. h6+ Kg8 58. Re4 Ra5+ 59. Re5 Ra1 60. Kf6 Rf1+ 61.
Rf5 Ra1 62. Rd5 Rf1+ 63. Rf5 Ra1 64. h7+ Kxh7 65. Kxf7 Ra7+ 66. Kf6 Ra6+ 67. Ke5 Ra5+ 68. Kf4 Rxf5+ 69. Kxf5 Kg7 70. g6 Kg8 71. Kg5 Kg7 72. Kh5 Kg8 73. Kh6 Kh8 74. g7+ Kg8 75. Kg6 1/2-1/2

[Event "Early-Titled-Tuesday-Blitz-January-30-2024"]
[Site "Chess.com"]
[Date "2024.01.30"]
[Round "3"]
[White "Crazy_girl99"]
[Black "Rdeux42"]
[Result "1-0"]
[WhiteElo "2609"]
[BlackElo "2436"]
[TimeControl "180+1"]
[EndTime "8:31:46 PST"]
[Termination "Crazy_girl99 won by resignation"]

1. e4 c5 2. Nf3 d6 3. d4 cxd4 4. Nxd4 Nf6 5. Nc3 a6 6. h3 e5 7. Nde2 h5 8. g3 Be6 9. Bg2 Be7 10. Be3 Nbd7 11. a4 Rc8 12. b3 Qa5 13. Qd2 Qc7 14. O-O O-O 15. f4 Nc5 16. f5 Bxb3 17. cxb3 Nxb3 18. Qd3 Nxa1 19. Rxa1 Qc4 20. Qd2 Rfd8 21. Rb1 d5 22. Nxd5 Nxd5 23. exd5 b5 24. axb5 axb5 25. Qb2 Bc5 26. Bxc5 Qxc5+ 27. Kh2 Rb8 28. Qxe5 Re8 29. Qb2 b4 30. Nf4 h4 31. gxh4 b3 32. Nh5 f6 33.
Rg1 Qc2 34. Qd4 Qxf5 35. Nxg7 Qe5+ 36. Qxe5 Rxe5 37. Ne6 b2 38. Nf4 Kh7 39. Rb1 Kh6 40. d6 Rd8 41. Rxb2 Rxd6 42. Rf2 Rd4 43. Kg3 Kg7 44. h5 Re3+ 45. Kg4 Re5 46. h4 Kh6 47. Rc2 Rb5 48. Rc6 Kg7 49. Kg3 Rb3+ 50. Bf3 Rd2 51. Ne6+ Kh6 52. Nc5 Rdd3 53. Nxd3 Rxd3 54.
Rxf6+ Kh7 55. Rf4 Kh6 56. Kg4 Rd6 57. Rc4 Re6 58. Bd5 Rd6 59. Be4 Re6 60. Kf5 Rb6 61. Rc8 Ra6 62. Rh8+ Kg7 63. Rc8 Ra5+ 64. Kf4 Rxh5 65.
Kg4 Re5 66. Bf5 Rc5 67. Rxc5 1-0

[Event "Early-Titled-Tuesday-Blitz-January-30-2024"]
[Site "Chess.com"]
[Date "2024.01.30"]
[Round "3"]
[White "Better_Chess_Faster"]
[Black "unclear15"]
[Result "0-1"]
[WhiteElo "2135"]
[BlackElo "2405"]
[TimeControl "180+1"]
[EndTime "8:31:48 PST"]
[Termination "unclear15 won by resignation"]

1. d4 d5 2. Bf4 Bf5 3. e3 e6 4. c4 Bb4+ 5. Nc3 c5 6. Nf3 Qa5 7. Qb3 Nc6 8. cxd5 exd5 9. Be2 c4 10. Qd1 Bxc3+ 11. bxc3 Qxc3+ 12. Nd2 Nf6 13. O-O O-O 14. Rc1 Qa3 15. Be5 c3 16. Nb3 c2 17. Rxc2 Bxc2 18.
Qxc2 Nxe5 19. dxe5 Ne4 20. Bd3 Rfc8 21. Qb1 Qb4 22.
f3 Nd2 23. Qe1 Qc3 24. Qxd2 Qxe5 25. Nd4 Rc5 26. Bb1 Rac8 27. Qd3 g6 28. f4 Qe7 29. f5 Rc3 30. f6 Qe5 31. Qd2 Rxe3 32. Nf3 Qe6 33. h3 Re2 34. Qd4 Qb6 35. Qxb6 axb6 36. Nd4 Rd2 37. Nb5 Re8 38. Nd6 Ree2 39. Rc1 Rxg2+ 40.
Kh1 Rh2+ 41. Kg1 Rdg2+ 42. Kf1 Rh1+ 43. Kxg2 Rxc1 44. Bd3 Rd1 45. Bc2 Rd2+ 46. Kf3 Rxc2 47. Nxb7 Rxa2 48. Ke3 Ra3+ 49. Kd4 Rxh3 50. Kxd5 Rf3 51.
Kc6 Rxf6+ 52. Kb5 h5 53. Nd8 Kg7 54. Nc6 h4 55. Kxb6 Rxc6+ 56. Kxc6 h3 57. Kd5 h2 58. Ke4 h1=Q+ 59. Kd4 Qf1 60. Kc3 g5 61. Kb4 g4 62.
Kc5 g3 63. Kd4 g2 64. Kc3 g1=Q 0-1